 Dungeon Crawl Stone Soup version 0.14-a0-2080-ge317583 (webtiles) character file.

267278 RedPan the Eclecticist (level 19, -12/110 HPs)
             Began as a Deep Elf Wizard on Jan 24, 2014.
             Was the Champion of Vehumet.
             Mangled by a vault warden
             ... wielding a +4,+0 vampiric long sword
              (25 damage)
             ... on Level 4 of the Vaults on Jan 25, 2014.
             The game lasted 07:43:48 (79771 turns).

RedPan the Eclecticist (Deep Elf Wizard)           Turns: 79771, Time: 07:43:48

HP -12/110       AC  9     Str  8      XL: 19   Next: 61%
MP  26/44        EV 22     Int 30      God: Vehumet [******]
Gold 4676        SH 10     Dex 13      Spells: 15 memorised, 11 levels left

rFire  + . .     SeeInvis +     Y - staff of conjuration
rCold  + . .     Clarity  .     s - +2 elf robe {rC+}
rNeg   . . .     Conserve .     X - +2 elf buckler
rPois  +         rCorr    .     b - +0 elf hat
rElec  +         rRot     .     z - +0 cloak
SustAb . .       Spirit   .     u - +1 pair of dwarf gloves
rMut   .         Warding  .     g - +1 pair of boots
Gourm  +         Stasis   .     J - amulet of the gourmand
MR     +++..                    q - ring of poison resistance
                                n - ring "Smofaec" {rF+ MR++ SInv}

@: about to teleport, extremely resistant to hostile enchantments, fairly
stealthy
A: beak, talons 1, blurry vision 1, clever 1, electricity resistance
a: Renounce Religion
}: 1/15 runes: decaying


You were on level 4 of the Vaults.
You worshipped Vehumet.
Vehumet was exalted by your worship.
You were completely stuffed.

You visited 7 branches of the dungeon, and saw 43 of its levels.
You also visited: Sewer, Bailey, Ice Cave and Volcano.

You collected 7139 gold pieces.
You spent 2463 gold pieces at shops.

Inventory:

Hand weapons
 y - the +9,+7 short sword of Fury {freeze, rF++ Stlth++}
   (You found it on level 13 of the Dungeon)

   It has been specially enchanted to freeze those struck by it, causing extra
   injury to most foes and up to double damage against particularly susceptible
   opponents.
   It can also slow down cold-blooded creatures.
   It greatly protects you from fire.
   It makes you much more stealthy.
Armour
 b - a +0 elven hat (worn)
 c - the -2 pair of boots of Defence {+Blink rC+}
   (You acquired it on level 1 of the Vaults)

   It protects you from cold.
   It lets you blink.
 g - a +1 pair of boots (worn)
 k - a +2 elven robe of fire resistance
 s - a +2 elven robe of cold resistance (worn)
 u - a +1 pair of dwarven gloves (worn)
 z - a +0 cloak (worn)
 T - a +2 robe of magic resistance
 X - a +2 elven buckler (worn)
Magical devices
 d - a wand of digging (6)
 i - a wand of invisibility (5)
 j - a wand of fire (2)
 v - a wand of hasting (4)
 w - a wand of slowing (6)
 C - a wand of teleportation (0)
 E - a wand of fire (4)
 H - a wand of fireball (2)
 M - a wand of heal wounds (0)
Comestibles
 a - 3 bread rations
 p - 2 chunks of yaktaur flesh
 x - a sausage
 F - 2 meat rations
Scrolls
 e - 2 scrolls of remove curse
 h - 2 scrolls of identify
 o - a scroll of magic mapping
 t - 2 scrolls of fog
 B - 2 scrolls of teleportation
 I - 2 scrolls of blinking
 K - a scroll of curse jewellery {unknown}
 N - a scroll of recharging
 R - a scroll of summoning
Jewellery
 n - the ring "Smofaec" (left hand) {rF+ MR++ SInv}
   (You found it on level 8 of the Lair of Beasts)

   [ring of protection from fire]

   It affects your resistance to hostile enchantments.
   It enhances your eyesight.
 q - a ring of poison resistance (right hand)
 D - the ring of Tosa {+Fly SInv}
   (You took it off a goblin in a bailey)

   [ring of flight]

   It enhances your eyesight.
 G - an uncursed ring of protection from fire
 J - an amulet of the gourmand (around neck)
 L - an uncursed amulet of warding
 P - an uncursed ring of sustain abilities
 W - a +3 ring of intelligence
Potions
 f - 3 potions of agility
 l - 3 potions of curing
 m - 2 potions of resistance
 A - 2 potions of might
 O - a potion of speed
 S - a potion of magic
 U - 4 potions of brilliance
Books
 Q - a book of Conjurations

   Spells                             Type                      Level
   *Magic Dart                        Conjuration                  1
   *Searing Ray                       Conjuration                  2
   Dazzling Spray                     Conjuration/Hexes            3
   Iskenderun's Mystic Blast          Conjuration                  4
   Iskenderun's Battlesphere          Conjuration/Charms           4
   Fulminant Prism                    Conjuration/Hexes            5
 V - a book of War Chants

   Spells                             Type                      Level
   Fire Brand                         Charms/Fire                  2
   Freezing Aura                      Charms/Ice                   2
   Shroud of Golubria                 Charms/Translocation         2
   *Repel Missiles                    Charms/Air                   2
   Poison Weapon                      Charms/Poison                3
   Regeneration                       Charms/Necromancy            3
Magical staves
 Y - an uncursed staff of conjuration (weapon)


   Skills:
 - Level 9.0 Fighting
 - Level 2.0 Armour
 - Level 17.7 Dodging
 - Level 2.4 Stealth
 - Level 1.0 Shields
 - Level 20.3 Spellcasting
 + Level 19.6 Conjurations
 - Level 1.1 Summonings
 - Level 5.0 Translocations
 + Level 19.4 Fire Magic


You had 11 spell levels left.
You knew the following spells:

 Your Spells              Type           Power        Failure   Level  Hunger
a - Magic Dart            Conj           ####         0%          1    None
b - Blink                 Tloc           N/A          1%          2    None
c - Call Imp              Summ           #####.....   1%          2    None
d - Mephitic Cloud        Conj/Pois/Air  #######.     1%          3    None
e - Force Lance           Conj           ########     0%          5    None
f - Repel Missiles        Chrm/Air       ####......   1%          2    None
g - Slow                  Hex            ####....     1%          2    None
h - Searing Ray           Conj           ######       0%          2    None
i - Throw Icicle          Conj/Ice       #######.     1%          4    None
j - Bolt of Fire          Conj/Fire      ########..   1%          6    None
k - Fireball              Conj/Fire      ########..   0%          5    None
l - Delayed Fireball      Conj/Fire      N/A          1%          7    ###....
m - Apportation           Tloc           ######....   1%          1    None
n - Control Teleport      Chrm/Tloc      #####.....   4%          4    None
o - Iron Shot             Conj/Erth      #######...   1%          6    None


Dungeon Overview and Level Annotations

Branches:
Dungeon (16/16)            Temple (1/1) D:4             Orc (4/4) D:11
    Elf (0/3) Orc:4          Lair (8/8) D:9           Swamp (5/5) Lair:6
  Snake (5/5) Lair:6        Slime (0/6) Lair:6       Vaults (4/5) D:14
  Blade (0/1) Vaults:3     Forest (0/5) Vaults:3     Depths (0/6) D:16

Altars:
Ashenzari
Cheibriados
Dithmengos
Elyvilon
Fedhas
Kikubaaqudgha
Makhleb
Nemelex Xobeh
Okawaru
Sif Muna
Trog
Vehumet
Xom
Yredelemnul
Zin
the Shining One
Beogh
Jiyva

Shops:
D:4 :   D:5 *   D:10 :   Orc:4 }[(*   Vaults:3 =

Portals:
Trove: D:14 (give 18 scrolls of identify)

Annotations:
D:10 exclusion: orange crystal statue


Innate Abilities, Weirdness & Mutations

You have a beak for a mouth.
You have sharp toenails.
Your vision is a little blurry.
Your mind is acute. (Int +2)
You are resistant to electric shocks.


Message History

Okay, then.
Read which item? (? for menu, Esc to quit)
Okay, then.
Casting: Control Teleport
Confirm with . or Enter, or press ? or * to list all spells.
Okay, then.
Drink which item? (? for menu, Esc to quit)
Okay, then.
Use which ability? (? or * to list)
You can't do that.
Use which ability? (? or * to list)
Aiming: Delayed Fireball
Press: ? - help, Shift-Dir - straight line The fireball explodes!
The fireball engulfs the fire crab.
The fire crab completely resists.
Drink which item? (? for menu, Esc to quit)
You feel better. The fire crab closely misses you.
You block the fire crab's attack.
The vault warden hits you with an uncursed vampiric long sword!
You die...

######.....#........#.........###
.....).....#........#.........#..
...........#.......[#.........'..
'###########'##################..
)......# #.%%#...# #.. .......#
#...'%.)# #.. .##....# #...#.(.#
#.. ####...# ##+###+##
########### # ##..# #..$#@@.#
#.........( ##.# #...+.t.#
#..))...... ### #..c#)(.#
#...)...... # ##' ##+##
#..).)..... ## #. .)) #..).......
.## # '...# #.......... ..#
.#...# #.......... #### +######
########### ...#


You could see a vault warden and a fire crab.

Vanquished Creatures
  A sphinx (Vaults:2)
  Rupert (D:16)
  A tengu reaver (Vaults:4)
  An azure jelly (Swamp:5)
  Kirke (D:14)
  10 vault wardens
  A fire giant (Vaults:3)
  2 orc warlords
  Gastronok (D:8)
  2 stone giants (Vaults:4)
  A dire elephant (Lair:8)
  An ettin (D:15)
  Snorg (D:16)
  A deep elf death mage (Vaults:3)
  11 vault guards
  11 ironheart preservers
  3 fire dragons
  Fannar (Orc:4)
  7 ice dragons
  10 yaktaur captains
  Josephine (Orc:3)
  Nessos (Snake:2)
  21 hydras
  Erica (Lair:7)
  4 anacondas
  6 ogre magi
  A deep troll earth mage (Vaults:4)
  6 alligators
  11 death yaks
  An orc high priest (Orc:4)
  A catoblepas (Lair:8)
  2 deep troll shamans
  16 naga warriors
  A spectral elf (Vaults:3)
  Urug (Orc:3)
  6 very ugly things
  A deep elf knight (Vaults:3)
  16 centaur warriors
  7 skeletal warriors
  A faun (Vaults:3)
  2 flayed ghosts (Vaults:4)
  5 swamp dragons
  A swamp dragon (shapeshifter) (D:13)
  3 unseen horrors (D:12)
  10 deep trolls
  10 orc knights
  3 ice statues (IceCv)
  5 giant amoebae
  A faun (shapeshifter) (Vaults:2)
  8 ironbrand convokers
  Pikel (D:7)
  11 hill giants
  2 wizards
  2 orc sorcerers (Orc:4)
  3 wolf spiders
  A red wasp (Vaults:3)
  A deep elf conjurer (Vaults:3)
  4 griffons
  19 elephants
  3 spiny worms
  4 cyclopes
  5 guardian serpents
  A brown ooze (shapeshifter) (Vaults:2)
  Maurice (D:8)
  A guardian serpent (shapeshifter) (Vaults:2)
  29 black mambas
  A feature mimic (D:15)
  8 vault sentinels
  34 yaktaurs
  2 fire drakes (Lair:8)
  27 spiny frogs
  10 naga magi
  9 spriggans
  13 trolls
  7 giant leeches
  9 baby alligators
  A polar bear (Lair:7)
  A jumping spider (Lair:8)
  Prince Ribbit (D:7)
  A spriggan (shapeshifter) (D:12)
  4 komodo dragons
  50 slime creatures
  11 two-headed ogres
  A griffon zombie (D:15)
  2 boulder beetles
  11 bog bodies
  2 brown oozes (Swamp:2)
  15 blink frogs
  A grizzly bear (shapeshifter) (D:14)
  4 redbacks (Lair:8)
  A vampire (Vaults:1)
  2 basilisks
  A grizzly bear (Lair:8)
  2 shadows
  4 wyverns
  49 ugly things
  A wraith (Vaults:1)
  12 sharks
  2 elephant slugs
  2 steam dragons
  Eustachio (D:5)
  A spiny worm zombie (D:14)
  A tarantella (Lair:8)
  2 swamp worm simulacra (Swamp:5)
  30 yaks
  6 deep elf fighters
  10 wolves
  3 clay golems
  6 hogs (D:14)
  2 hungry ghosts
  49 vampire mosquitoes
  11 hippogriffs
  7 manticores
  Menkaure (D:6)
  53 swamp worms
  A necrophage (D:11)
  10 porcupines
  3 soldier ants
  4 mottled dragons
  A phantom (D:3)
  A black bear (shapeshifter) (Vaults:1)
  11 freezing wraiths
  14 hydra simulacra (Swamp:5)
  A sky beast (D:6)
  28 ogres
  49 orc warriors
  18 swamp drakes
  3 black bears
  49 nagas
  10 giant goldfish
  A yellow wasp (D:16)
  17 ice beasts
  36 centaurs
  The ghost of Jenx the Cudgeler, an average DsDK of Yredelemnul (D:3)
  23 crocodiles
  2 boring beetles
  5 wargs
  Sigmund (D:6)
  A brain worm (D:14)
  26 giant frogs
  11 giant slugs
  4 big kobolds
  36 water moccasins
  A big kobold (shapeshifter) (Vaults:2)
  A manticore zombie (D:11)
  15 agate snails
  A wyvern skeleton (D:14)
  2 cyclops skeletons
  42 insubstantial wisps
  16 jellyfish
  17 electric eels
  10 killer bees (D:12)
  11 wights
  A lava fish (Volcano)
  10 crimson imps
  4 goliath beetles
  A centaur zombie (D:6)
  18 big fish
  4 jellies
  4 quasits
  A basilisk zombie (D:12)
  18 hounds
  8 spiders (D:16)
  Crazy Yiuf (D:5)
  A giant frog zombie (D:7)
  30 orc priests
  A lava snake (Volcano)
  A water moccasin skeleton (D:11)
  A basilisk skeleton (D:15)
  An orange rat (D:7)
  5 scorpions
  4 iguanas
  33 orc wizards
  12 worker ants
  29 sheep
  A big kobold zombie (D:13)
  A crocodile zombie (D:9)
  An ogre zombie (D:6)
  A boggart (Vaults:1)
  A mummy (D:15)
  11 gnolls
  3 giant centipedes
  42 adders
  78 green rats
  5 giant mites
  10 worms
  6 swamp drake simulacra (Swamp:5)
  An adder skeleton (D:7)
  2 giant eyeballs
  13 giant geckos
  An ooze (D:6)
  235 orcs
  4 ball pythons
  7 giant cockroaches
  53 goblins
  7 grey rats
  36 hobgoblins
  31 jackals
  17 quokkas
  25 bats
  A giant gecko zombie (D:7)
  5 giant newts
  2 giant spores
  A gnoll skeleton (D:4)
  A goblin zombie (Orc:3)
  A hobgoblin skeleton (D:6)
  29 kobolds
  2 orc skeletons (Orc:3)
  3 orc zombies (Orc:3)
  A quokka skeleton (D:4)
  31 rats
  A rat skeleton (D:5)
  3 ballistomycetes
  A bush (Lair:7)
  4 fungi (Lair:8)
  9 plants
2151 creatures vanquished.

Vanquished Creatures (collateral kills)
  An ice beast (D:7)
  A jellyfish (D:9)
  A centaur skeleton (D:4)
3 creatures vanquished.

Vanquished Creatures (others)
  An alligator (Swamp:5)
  A human (D:14)
  A swamp drake (Swamp:5)
  2 slaves
  A crocodile (Swamp:5)
  A water moccasin (Swamp:5)
  An electric eel (Swamp:5)
  A killer bee (D:8)
  A white imp (D:3)
  16 fungi
  11 plants
37 creatures vanquished.

Grand Total: 2191 creatures vanquished

Notes
Turn   | Place    | Note
--------------------------------------------------------------
     0 | D:1      | RedPan, the Deep Elf Wizard, began the quest for the Orb.
     0 | D:1      | Reached XP level 1. HP: 10/10 MP: 6/6
   189 | D:1      | Reached XP level 2. HP: 15/15 MP: 4/9
   335 | D:1      | Learned a level 2 spell: Blink
   338 | D:1      | Learned a level 2 spell: Call Imp
   463 | D:1      | Reached XP level 3. HP: 15/19 MP: 12/12
   468 | D:1      | Learned a level 3 spell: Mephitic Cloud
  1721 | D:3      | Reached XP level 4. HP: 24/24 MP: 15/15
  2049 | D:3      | Noticed Jenx's ghost (average DsDK)
  2156 | D:3      | Noticed a phantom
  2176 | D:3      | HP: 1/24 [phantom (8)]
  2315 | D:3      | Killed a phantom
  2315 | D:3      | Reached skill level 5 in Conjurations
  2315 | D:3      | Reached XP level 5. HP: 26/28 MP: 0/18
  2758 | D:3      | Killed Jenx's ghost
  2758 | D:3      | Reached skill level 6 in Conjurations
  2758 | D:3      | Reached XP level 6. HP: 9/32 MP: 0/20
  3196 | D:3      | Reached skill level 7 in Conjurations
  3272 | D:3      | Found a snail-covered altar of Cheibriados.
  3942 | D:4      | Found a staircase to the Ecumenical Temple.
  3959 | D:4      | Reached skill level 8 in Conjurations
  3959 | D:4      | Reached XP level 7. HP: 36/36 MP: 8/21
  4042 | Temple   | Entered the Ecumenical Temple
  4136 | Temple   | Became a worshipper of Vehumet
  4722 | D:4      | Found Karaxae's Book Boutique.
  4748 | D:4      | Found a glowing golden altar of the Shining One.
  4748 | D:4      | Noticed an angel
  4796 | D:5      | Entered Level 5 of the Dungeon
  4857 | D:5      | Found a glowing drain.
  4861 | D:5      | Reached skill level 9 in Conjurations
  4868 | D:5      | Acquired Vehumet's first power
  4868 | D:5      | Offered knowledge of Flame Tongue by Vehumet.
  4871 | D:5      | Learned a level 1 spell: Flame Tongue
  4876 | D:5      | Learned a level 2 spell: Repel Missiles
  4879 | D:5      | Learned a level 2 spell: Slow
  4953 | Sewer    | Entered a sewer
  5192 | Sewer    | Found a white marble altar of Elyvilon.
  5300 | D:5      | Noticed Eustachio
  5301 | D:5      | Killed Eustachio
  5301 | D:5      | Reached skill level 5 in Spellcasting
  5349 | D:5      | Paralysed by a giant eyeball for 2 turns
  5388 | D:5      | Found a glowing silver altar of Zin.
  5438 | D:5      | Noticed Crazy Yiuf
  5446 | D:5      | Killed Crazy Yiuf
  5446 | D:5      | Reached XP level 8. HP: 34/41 MP: 14/24
  5514 | D:5      | Found Lidwoamn's Assorted Antiques.
  5555 | D:5      | Gained mutation: You evolve. [potion of beneficial mutation]
  5763 | D:5      | Offered knowledge of Searing Ray by Vehumet.
  5763 | D:5      | Reached skill level 10 in Conjurations
  5767 | D:5      | Learned a level 2 spell: Searing Ray
  6153 | D:5      | Found a burning altar of Makhleb.
  6153 | D:5      | Found a shimmering altar of Xom.
  6287 | D:6      | Noticed Sigmund
  6304 | D:6      | Killed Sigmund
  6506 | D:6      | Noticed Menkaure
  6515 | D:6      | Killed Menkaure
  6743 | D:6      | Reached skill level 11 in Conjurations
  6936 | D:6      | Offered knowledge of Static Discharge by Vehumet.
  7186 | D:6      | Gained mutation: You have sharp toenails. [evolution]
  7197 | D:6      | Acquired Vehumet's second power
  7933 | D:7      | Reached XP level 9. HP: 45/45 MP: 6/28
  8178 | D:7      | Offered knowledge of Inner Flame by Vehumet.
  8492 | D:7      | Found a deep blue altar of Sif Muna.
  8606 | D:7      | Noticed Prince Ribbit
  8618 | D:7      | Killed Prince Ribbit
  8618 | D:7      | Reached skill level 12 in Conjurations
  8851 | D:7      | Reached skill level 1 in Fire Magic
  9006 | D:7      | Acquired Vehumet's third power
  9025 | D:7      | Offered knowledge of Throw Icicle by Vehumet.
  9264 | D:7      | Reached skill level 1 in Fighting
  9746 | D:8      | Gained mutation: You have a beak for a mouth. [evolution]
  9798 | D:8      | Noticed Maurice
  9817 | D:8      | Killed Maurice
 10122 | D:8      | Noticed Gastronok
 10404 | D:8      | Learned a level 4 spell: Throw Icicle
 10689 | D:8      | Reached skill level 5 in Fire Magic
 11037 | D:8      | Reached XP level 10. HP: 54/54 MP: 19/29
 11143 | D:8      | Noticed Pikel
 11281 | D:7      | Killed Pikel
 11281 | D:7      | Reached skill level 5 in Dodging
 11456 | D:8      | Killed Gastronok
 12374 | D:9      | Found a shattered altar of Ashenzari.
 12421 | D:9      | Found a blossoming altar of Fedhas.
 12677 | D:9      | Found a staircase to the Lair.
 13163 | D:9      | Reached skill level 13 in Conjurations
 14131 | D:9      | Noticed a cyclops
 14181 | D:9      | Killed a cyclops
 14181 | D:9      | Reached XP level 11. HP: 60/60 MP: 17/31
 14495 | D:9      | You fall through a shaft!
 14495 | D:10     | Entered Level 10 of the Dungeon
 14718 | Lair:1   | Entered Level 1 of the Lair of Beasts
 17295 | Lair:2   | Reached skill level 10 in Fire Magic
 17732 | Lair:2   | Offered knowledge of Venom Bolt by Vehumet.
 17741 | Lair:2   | Reached skill level 10 in Spellcasting
 19717 | Lair:3   | Reached XP level 12. HP: 64/64 MP: 29/33
 20679 | Lair:3   | Gained mutation: Your vision is a little blurry. [evolution]
 22271 | Lair:4   | Reached skill level 14 in Conjurations
 24253 | Lair:5   | Reached skill level 10 in Dodging
 26225 | Lair:5   | Offered knowledge of Bolt of Fire by Vehumet.
 26233 | Lair:5   | Learned a level 6 spell: Bolt of Fire
 26348 | Lair:6   | Found a staircase to the Snake Pit.
 26718 | Lair:6   | Learned a level 5 spell: Fireball
 27338 | Lair:6   | Noticed a five-headed hydra
 27342 | Lair:6   | Killed a five-headed hydra
 27462 | Lair:6   | Found a staircase to the Swamp.
 27676 | Lair:6   | Found a viscous altar of Jiyva.
 27677 | Lair:6   | Found a staircase to the Slime Pits.
 28009 | Lair:6   | Reached XP level 13. HP: 64/70 MP: 27/34
 28301 | Lair:7   | Noticed Erica
 28309 | Lair:7   | Killed Erica
 28523 | Lair:7   | Reached skill level 15 in Conjurations
 28738 | Lair:6   | Learned a level 7 spell: Delayed Fireball
 29175 | Lair:7   | Gained mutation: You are resistant to electric shocks. [evolution]
 29175 | Lair:7   | Lost mutation: You evolve. [end of evolution]
 30566 | Lair:7   | Found a dark tunnel.
 30578 | Volcano  | Entered a volcano
 30718 | Volcano  | Found a radiant altar of Vehumet.
 30724 | Volcano  | Offered knowledge of Force Lance by Vehumet.
 31577 | Lair:2   | Identified a scroll of acquirement
 31606 | Lair:2   | Learned a level 5 spell: Force Lance
 32255 | Lair:8   | Entered Level 8 of the Lair of Beasts
 33745 | Lair:8   | Reached XP level 14. HP: 69/76 MP: 8/38
 34142 | Lair:8   | Offered knowledge of Bolt of Cold by Vehumet.
 34761 | Lair:8   | Noticed a dire elephant
 34768 | Lair:8   | Killed a dire elephant
 34824 | Lair:8   | Got a transparent golden ring
 35001 | Lair:8   | Reached skill level 15 in Spellcasting
 35002 | Lair:8   | Reached skill level 16 in Conjurations
 35683 | Lair:2   | Identified the ring "Smofaec" {rF+ MR++ SInv} (You found it on level 8 of the Lair of Beasts)
 35683 | Lair:2   | Identified a -1 rod of warding (10/10) (You found it on level 8 of the Lair of Beasts)
 35744 | D:10     | Noticed a hill giant
 35745 | D:10     | Killed a hill giant
 35889 | D:10     | Found Qinaalaf's Book Boutique.
 36588 | D:11     | Offered knowledge of Poison Arrow by Vehumet.
 36897 | D:11     | Found a staircase to the Orcish Mines.
 37389 | D:11     | Found a flagged portal.
 37459 | Bailey   | Entered a bailey
 37948 | Bailey   | Noticed an orc warlord
 38221 | Bailey   | Killed an orc warlord
 38404 | Bailey   | Got a wavering amber ring
 38791 | D:5      | Bought a scroll of identify for 48 gold pieces
 38791 | D:5      | Bought a scroll of identify for 48 gold pieces
 38791 | D:5      | Bought a scroll of blinking for 132 gold pieces
 38791 | D:5      | Bought 2 potions of curing for 96 gold pieces
 38792 | D:5      | Identified the ring of Tosa {+Fly SInv} (You took it off a goblin in a bailey)
 38946 | Lair:2   | Gained mutation: Your mind is acute. (Int +2) [potion of beneficial mutation]
 39092 | Orc:1    | Entered Level 1 of the Orcish Mines
 39097 | Orc:1    | Offered knowledge of Conjure Ball Lightning by Vehumet.
 40080 | Orc:2    | Reached skill level 5 in Fighting
 40252 | Orc:3    | Noticed Josephine
 40254 | Orc:3    | Killed Josephine
 40254 | Orc:3    | Reached skill level 15 in Fire Magic
 40414 | Orc:3    | Found a frozen archway.
 40416 | Orc:3    | Offered knowledge of Poisonous Cloud by Vehumet.
 40529 | IceCv    | Entered an ice cave
 40859 | Orc:3    | Found a roughly hewn altar of Beogh.
 40864 | Orc:3    | Noticed Urug
 40865 | Orc:3    | Killed Urug
 41120 | Orc:4    | Entered Level 4 of the Orcish Mines
 41313 | Orc:4    | Found a roughly hewn altar of Beogh.
 41342 | Orc:4    | Reached XP level 15. HP: 84/84 MP: 27/39
 41675 | Orc:4    | Found a roughly hewn altar of Beogh.
 41676 | Orc:4    | Found Voottine's Gadget Shoppe.
 42216 | Orc:4    | Noticed an orc warlord
 42373 | Orc:4    | Killed an orc warlord
 42380 | Orc:4    | Found a roughly hewn altar of Beogh.
 42380 | Orc:4    | Found Thraerph's Antique Weapon Boutique.
 42386 | Orc:4    | Found Lyocvy's Antique Armour Shop.
 42391 | Orc:4    | Bought a warped dagger for 154 gold pieces
 42398 | Orc:4    | Bought a pair of crude gloves for 167 gold pieces
 42459 | Orc:4    | Noticed Fannar
 42460 | Orc:4    | Killed Fannar
 42473 | Orc:4    | Found a roughly hewn altar of Beogh.
 42523 | Orc:4    | Found a staircase to the Elven Halls.
 42579 | Orc:4    | Found a roughly hewn altar of Beogh.
 42772 | Orc:4    | Found a roughly hewn altar of Beogh.
 42899 | Orc:4    | Found a roughly hewn altar of Beogh.
 43002 | Orc:4    | Found Ulyutz's Assorted Antiques.
 43007 | Orc:4    | Bought a scroll of identify for 56 gold pieces
 43007 | Orc:4    | Bought a scroll of identify for 56 gold pieces
 43007 | Orc:4    | Bought a scroll of identify for 56 gold pieces
 43008 | Orc:4    | Identified the +2 pair of gloves of Amelioration {Stlth-} (You bought it in a shop on level 4 of the Orcish Mines)
 43010 | Orc:4    | Identified the +9,+8 dagger of Crusades {antimagic, +Blink +Fly Str+2 Int+1 SInv} (You bought it in a shop on level 4 of the Orcish Mines)
 43111 | Orc:4    | Offered knowledge of Fire Storm by Vehumet.
 43111 | Orc:4    | Offered knowledge of Shatter by Vehumet.
 43111 | Orc:4    | Offered knowledge of Chain Lightning by Vehumet.
 44752 | D:12     | Reached skill level 17 in Conjurations
 45300 | D:13     | Got a slimy short sword
 45301 | D:13     | Identified the +9,+7 short sword of Fury {freeze, rF++ Stlth++} (You found it on level 13 of the Dungeon)
 46495 | D:14     | Noticed Kirke
 46843 | D:14     | Killed Kirke
 47528 | D:14     | Found a gate to the Vaults.
 47794 | D:14     | Found a portal to a secret trove of treasure.
 47837 | D:15     | Entered Level 15 of the Dungeon
 49441 | D:15     | Found an ancient bone altar of Kikubaaqudgha.
 49446 | D:15     | Found an iron altar of Okawaru.
 49704 | D:16     | Entered Level 16 of the Dungeon
 49704 | D:16     | Noticed Rupert
 49709 | D:16     | Killed Rupert
 49854 | D:16     | Reached XP level 16. HP: 96/96 MP: 36/40
 50149 | D:16     | Noticed Snorg
 50156 | D:16     | Killed Snorg
 50809 | D:16     | Found a staircase to the Depths.
 51344 | D:4      | Bought a book of Burglary for 750 gold pieces
 51344 | D:4      | Bought a book of the Warp for 900 gold pieces
 51570 | Lair:2   | Learned a level 1 spell: Apportation
 51575 | Lair:2   | Learned a level 4 spell: Control Teleport
 51582 | Lair:2   | Learned a level 6 spell: Iron Shot
 51713 | Swamp:1  | Entered Level 1 of the Swamp
 54903 | Swamp:2  | Reached skill level 5 in Translocations
 57656 | Swamp:3  | Reached skill level 15 in Dodging
 59798 | Swamp:4  | Reached XP level 17. HP: 100/100 MP: 36/41
 60033 | Swamp:5  | Entered Level 5 of the Swamp
 62418 | Swamp:5  | Got a decaying rune of Zot
 63191 | Snake:1  | Entered Level 1 of the Snake Pit
 64692 | Snake:2  | Noticed Nessos
 64695 | Snake:2  | Killed Nessos
 68950 | Snake:4  | Reached skill level 18 in Spellcasting
 69476 | Snake:5  | Entered Level 5 of the Snake Pit
 70028 | Vaults:1 | Entered Level 1 of the Vaults
 70028 | Vaults:1 | Found an iron altar of Okawaru.
 70054 | Vaults:1 | Reached XP level 18. HP: 81/105 MP: 12/43
 70242 | Vaults:1 | Got a pair of transparent boots
 70243 | Vaults:1 | Identified the -2 pair of boots of Defence {+Blink rC+} (You acquired it on level 1 of the Vaults)
 71910 | Vaults:1 | Reached skill level 19 in Spellcasting
 74009 | Vaults:2 | Reached skill level 20 in Spellcasting
 75799 | Vaults:3 | Found a staircase to the Enchanted Forest.
 75804 | Vaults:3 | Reached skill level 1 in Armour
 76322 | Vaults:3 | Reached XP level 19. HP: 110/110 MP: 42/44
 76435 | Vaults:3 | Found a staircase to the Hall of Blades.
 77315 | Vaults:3 | Found Phan's Jewellery Emporium.
 77735 | Vaults:3 | Reached skill level 1 in Shields
 79769 | Vaults:4 | HP: 3/110 [fire crab (4)]
 79771 | Vaults:4 | Mangled by a vault warden

Action                   |  1- 3 |  4- 6 |  7- 9 | 10-12 | 13-15 | 16-18 | 19-21 || total
-------------------------+-------+-------+-------+-------+-------+-------+-------++-------
Melee: Spear             |    65 |    56 |    42 |   119 |     7 |       |       ||   289
       Dagger            |     1 |       |       |       |       |       |       ||     1
       Quarterstaff      |       |       |    14 |    69 |       |       |       ||    83
       Unarmed           |       |       |       |     5 |       |       |       ||     5
       Falchion          |       |       |       |       |     4 |       |       ||     4
       Scimitar          |       |       |       |       |     2 |       |       ||     2
       Staff             |       |       |       |       |    72 |    13 |       ||    85
 Cast: Magic Dart        |    43 |   102 |   333 |   558 |   436 |    57 |       ||  1529
       Call Imp          |       |     9 |    17 |       |       |       |       ||    26
       Blink             |       |     4 |     6 |    10 |     7 |     7 |       ||    34
       Mephitic Cloud    |       |     1 |    25 |    24 |     4 |       |       ||    54
       Searing Ray       |       |       |   202 |   230 |    62 |    17 |       ||   511
       Repel Missiles    |       |       |     5 |     1 |     5 |       |       ||    11
       Throw Icicle      |       |       |    12 |   396 |    39 |     1 |       ||   448
       Bolt of Fire      |       |       |       |    40 |   556 |   717 |   117 ||  1430
       Fireball          |       |       |       |       |    79 |   102 |    27 ||   208
       Delayed Fireball  |       |       |       |       |     6 |     3 |       ||     9
       Slow              |       |       |       |       |     1 |     2 |       ||     3
       Iron Shot         |       |       |       |       |       |   161 |     3 ||   164
       Force Lance       |       |       |       |       |       |     5 |       ||     5
       Control Teleport  |       |       |       |       |       |     2 |     1 ||     3
       Apportation       |       |       |       |       |       |     1 |       ||     1
 Abil: Release Delayed F |       |       |       |       |     5 |     3 |     1 ||     9
Evoke: Wand              |       |       |     5 |     7 |     7 |     8 |       ||    27
  Use: Scroll            |     7 |     1 |    13 |    12 |    16 |    11 |     3 ||    63
       Potion            |     1 |     4 |     4 |     7 |     5 |       |     3 ||    24
 Stab: Sleeping          |     4 |     1 |       |       |     1 |       |       ||     6
       Distracted        |       |     1 |       |       |       |       |       ||     1
       Confused          |       |       |     1 |       |       |       |       ||     1
